 Dungeon Crawl Stone Soup version 0.19-a0-1201-gda63bca (webtiles) character file.

254 Gelly3 the Insei (level 6, -4/43 HPs)
             Began as a Merfolk Transmuter on Aug 20, 2016.
             Was a Follower of Cheibriados.
             Killed by nerve-wracking pain
             ... invoked by Grinder
              (12 damage)
             ... while paralysed by Grinder
             ... on level 4 of the Dungeon.
             The game lasted 00:08:35 (4086 turns).

Gelly3 the Insei (Merfolk Transmuter)               Turns: 4086, Time: 00:08:35

Health: -4/43      AC:  5    Str: 13    XL:     6   Next: 14%
Magic:  8/9        EV:  2    Int: 15    God:    Cheibriados [*.....]
Gold:   175        SH:  0    Dex: 17    Spells: 2 memorised, 5 levels left

rFire  . . .     SeeInvis .       - Unarmed
rCold  . . .     Gourm    .     b - +0 robe
rNeg   . . .     Faith    .     (no shield)
rPois  .         Spirit   .     k - +2 helmet
rElec  .         Dismiss  .     (no cloak)
rCorr  .         Reflect  .     (no gloves)
MR     .....     Harm     .     (no boots)
Stlth  ++........               (no amulet)
                                (no ring)
                                (no ring)

@: paralysed, very slow
A: change form in water, swift swim
a: Bend Time, Renounce Religion


You were on level 4 of the Dungeon.
You worshipped Cheibriados.
Cheibriados was aware of your devotion.
You were not hungry.

You visited 1 branch of the dungeon, and saw 4 of its levels.

You collected 175 gold pieces.

Inventory:

Missiles
 a - 12 arrows
 i - 2 throwing nets {=f, !d}
 m - 8 curare-tipped needles
Armour
 b - a +0 robe (worn)
 k - a +2 helmet (worn)
   (You took it off Robin on level 3 of the Dungeon)
Jewellery
 t - a +5 ring of dexterity {unknown}
   (You found it on level 4 of the Dungeon)
Scrolls
 e - 6 scrolls of identify {unknown}
 f - a scroll of blinking {unknown}
 g - 2 scrolls of teleportation {unknown}
 o - a scroll of random uselessness {unknown}
 p - a scroll of recharging {unknown}
 r - a scroll of magic mapping {unknown}
Potions
 h - a potion of cure mutation {!q}
 j - a potion of degeneration {unknown}
 q - a potion of agility {unknown}
Books
 c - a book of Changes
Comestibles
 d - 3 bread rations
 n - a slice of pizza
 s - 8 chunks of flesh


   Skills:
 - Level 1.1 Fighting
 - Level 2.6 Dodging
 + Level 6.3 Unarmed Combat
 - Level 2.0 Spellcasting
 - Level 4.1 Transmutations
 - Level 2.2 Poison Magic


You had 5 spell levels left.
You knew the following spells:

 Your Spells              Type           Power        Failure   Level  Hunger
a - Beastly Appendage     Tmut           ##....       4%          1    #......
c - Spider Form           Tmut/Pois      ##........   21%         3    ###....


Dungeon Overview and Level Annotations

Branches:
Dungeon (4/15)
 Temple: D:4-7

Altars:
Cheibriados
Elyvilon
Fedhas
Hepliaklqana
Qazlal
Trog

Annotations:
D:3 1 exclusion, Blork the orc
D:4 Grinder


Message History

Tha jackal bites ye but does nay damage.
A giant gecko comes inta view.
Ye closely miss tha jackal.
Tha jackal bites ye.
Ye bite tha jackal!
Ye kill tha jackal!
Cheibriados thoroughly appreciates tha change o' pace.
Yer transformation has ended.
Yer +2 helmet unmelds from yer body.
Yer +0 robe unmelds from yer body.
Ye hit tha jackal but do nay damage.
Tha jackal misses ye.
Ye punch tha jackal!
Ye kill tha jackal!
Cheibriados thoroughly appreciates tha change o' pace.
Tha giant gecko bites ye but does nay damage.
Thin's tha be 'ere: a jackal corpse x3
Ye closely miss tha giant gecko.
Tha giant gecko bites ye but does nay damage.
Ye hit tha giant gecko.
Tha giant gecko be moderately wounded.
Tha giant gecko misses ye.
Ye closely miss tha giant gecko.
Tha giant gecko be moderately wounded.
Tha giant gecko barely misses ye.
Ye hit tha giant gecko but do nay damage.
Tha giant gecko be moderately wounded.
Tha giant gecko bites ye but does nay damage.
Ye hit tha giant gecko.
Tha giant gecko be almost dead.
Tha giant gecko misses ye.
Ye hit tha giant gecko.
Ye kill tha giant gecko!
Cheibriados appreciates tha change o' pace.
Ye butcher tha jackal corpse.
s - 4 chunks o' flesh (gain'd 3) Thin's tha be 'ere: a jackal corpse x2
Thar ain't anythin' 'ere!
Thin's tha be 'ere: a jackal corpse x2
Ye butcher tha jackal corpse.
s - 6 chunks o' flesh (gain'd 2) Thin's tha be 'ere: a jackal skeleton; a jackal corpse Ye butcher tha jackal corpse.
s - 8 chunks o' flesh (gain'd 2) Ye see 'ere a jackal skeleton.
Thar ain't anythin' ta butcher 'ere.
Thar ain't anythin' ta butcher 'ere.
Ye now haf 175 gold pieces (gain'd 12).
Ye see 'ere a jackal skeleton.
t - a coral rin' Markin' area around Grinder as unsafe fer travellin'.
Grinder comes inta view.
Grinder shouts!
Grinder gestures at ye.
Ye sudd'nly lose tha ability ta move!
Grinder gestures at ye.
Ye resist wit' significant effort.
Ye can move again.
Unknown command.
Castin': Spider Form Confirm wit' . or Enter, or press ? or * ta list all spells.
Ye turn inta a venomous arachnid creature.
Yer +2 helmet melds inta yer body.
Yer +0 robe melds inta yer body.
Grinder gestures at ye.
Ye shrug off tha repeated paralysis!
Unknown command.
Grinder blinks!
Yer transformation be almost o'er.
Grinder gestures at ye.
Pain shoots through yer body!
Grinder hits ye!
Unknown command.
Ye hit Grinder.
Grinder be lightly wounded.
Grinder blinks!
It was a potion o' cure mutation.
It has a very clean taste.
It was a potion o' curin'.
Ye feel better.
Okay, than.
Grinder gestures at ye.
Pain shoots through yer body!
Grinder says, "At least Makhleb appreciates what I'm doin'."
Ye hit Grinder.
Grinder be lightly wounded.
Grinder misses ye.
Ye bite Grinder!
Grinder be moderately wounded.
Ye bite Grinder!
Grinder be heavily wounded.
Grinder gestures at ye.
Ye sudd'nly lose tha ability ta move!
Yer transformation has ended.
Yer +2 helmet unmelds from yer body.
Yer +0 robe unmelds from yer body.
Grinder hits ye.
Ye writha in agony.
* * * LOW HITPOINT WARNIN'
* * * Grinder hits ye.
* * * LOW HITPOINT WARNIN'
* * * Grinder hits ye but does nay damage.
Grinder gestures at ye.
Pain shoots through yer body!
Ye die...

#..#.## ##.#.#######.#.
#..#.##.#..............
#......#.....####.#. #.
#....#....#######.#. #.
#..####.#.....)....#
#..#.. #.#########.##
#..#..####.# #..#
#.....5....# ##.##
#....@.# #..# #.#.#..#
######... #......#
#...##... #.#.#..#
#.#......
#......#######...##.#)
###...................
#.##..#######..##.## #.
#..# ##.##รท# #. #..#
#.##.#


You could see Grinder.

Vanquished Creatures
  An ogre (D:4)
  Robin (D:3)
  4 gnolls (D:3)
  2 adders
  2 worms
  A dart slug (D:1)
  3 giant geckos
  7 orcs
  5 giant cockroaches
  15 goblins
  6 hobgoblins
  8 jackals
  2 quokkas
  7 bats
  3 giant newts
  A jackal zombie (D:3)
  5 kobolds
  A quokka skeleton (D:4)
  11 rats
85 creatures vanquished.

Notes
Turn   | Place    | Note
-------+----------+-------------------------------------------
     0 | D:1      | Gelly3 the Merfolk Transmuter began the quest for the Orb.
     0 | D:1      | Reached XP level 1. HP: 15/15 MP: 3/3
   130 | D:1      | Reached XP level 2. HP: 18/21 MP: 5/5
   181 | D:1      | Reached skill level 4 in Unarmed Combat
  1069 | D:2      | Noticed Robin
  1102 | D:1      | Reached XP level 3. HP: 8/26 MP: 6/6
  1494 | D:2      | Learned a level 3 spell: Spider Form
  1640 | D:2      | Reached skill level 1 in Poison Magic
  1642 | D:2      | HP: 6/26 [giant newt (3)]
  1647 | D:2      | HP: 5/26 [giant newt (1)]
  2236 | D:2      | Reached XP level 4. HP: 28/32 MP: 7/7
  2254 | D:2      | Found a snail-covered altar of Cheibriados.
  2299 | D:2      | Became a worshipper of Cheibriados the Contemplative
  2590 | D:3      | Killed Robin
  2590 | D:3      | Reached skill level 2 in Poison Magic
  2703 | D:3      | Reached skill level 3 in Transmutations
  2741 | D:3      | Found a hazy altar of Hepliaklqana.
  2743 | D:3      | Found a bloodstained altar of Trog.
  2904 | D:3      | Noticed Blork the orc
  2993 | D:3      | HP: 8/32 [Blork the orc/magic dart (7)]
  3718 | D:3      | Reached skill level 4 in Transmutations
  3718 | D:3      | Reached XP level 5. HP: 32/37 MP: 4/8
  3724 | D:3      | Reached skill level 5 in Unarmed Combat
  3942 | D:4      | Found a blossoming altar of Fedhas.
  3953 | D:4      | Found a stormy altar of Qazlal.
  3960 | D:4      | Found a white marble altar of Elyvilon.
  3987 | D:4      | Reached * piety under Cheibriados
  4011 | D:4      | Noticed an ogre
  4019 | D:4      | Killed an ogre
  4019 | D:4      | Reached skill level 6 in Unarmed Combat
  4019 | D:4      | Reached XP level 6. HP: 29/43 MP: 5/9
  4066 | D:4      | Noticed Grinder
  4066 | D:4      | Paralysed by Grinder for 4 turns
  4082 | D:4      | Paralysed by Grinder for 4 turns
  4084 | D:4      | HP: 8/43 [Grinder (3)]
  4086 | D:4      | Killed from afar by Grinder

Vault maps used:
D:1:      sevenhm_arrival_forest_fort_small_6
D:2:      cheibriados_altar_1, hex_large, uniq_robin
D:3:      grunt_temple_overflow_open, tgw_sif
D:4:      grunt_temple_overflow_cloverleaf, uniq_grinder

Skill      XL: |  1  2  3  4  5 |
---------------+----------------+-----
Unarmed Combat | 4 6 |  6.3
Poison Magic   | 1 2 |  2.2
Transmutations | 4 |  4.1
Fighting       | |  1.1
Dodging        | |  2.6
Spellcasting   | |  2.0

Action                   |  1- 3 |  4- 6 || total
-------------------------+-------+-------++-------
Melee: Unarmed           |   156 |   135 ||   291
       Headbutt          |     7 |       ||     7
       Punch             |       |     1 ||     1
 Cast: Beastly Appendage |     4 |       ||     4
       Spider Form       |     1 |     6 ||     7
  Use: Potion            |       |     2 ||     2
 Stab: Sleeping          |     2 |     4 ||     6
       Distracted        |     1 |       ||     1
  Eat: Chunk             |     4 |     8 ||    12
Armor: Robe              |    20 |    20 ||    40
       Skin              |       |     3 ||     3
Dodge: Dodged            |    86 |    83 ||   169

Vault maps used:
D:1:      sevenhm_arrival_forest_fort_small_6
D:2:      cheibriados_altar_1, hex_large, uniq_robin
D:3:      grunt_temple_overflow_open, tgw_sif
D:4:      grunt_temple_overflow_cloverleaf, uniq_grinder

Table legend:
 A = Turns spent in this place as a percentage of turns spent in the entire game.
 B = Non-inter-level travel turns spent in this place as a percentage of non-inter-level travel turns spent in the entire game.
 C = Inter-level travel turns spent in this place as a percentage of turns spent in this place.
 D = Turns resting spent in this place as a percentage of non-inter-level travel turns spent in this place.
 E = Turns spent auto-exploring this place as a percentage of non-inter-level travel turns spent in this place.
 F = Non-inter-level travel turns spent in this place divided by the number of levels of this place that you've seen.
                   A       B       C       D       E      F
               +-------+-------+-------+-------+-------+----------------------
         Total | 100.0 | 100.0 |   0.5 |   2.3 |   8.2 | 308.0
       Dungeon | 100.0 | 100.0 |   0.5 |   2.3 |   8.2 | 308.0
               +-------+-------+-------+-------+-------+----------------------

Table legend:
 A = Kills in this place as a percentage of kills in entire the game.
 B = Kills by you in this place as a percentage of kills by you in the entire game.
 C = Kills by friends in this place as a percentage of kills by friends in the entire game.
 D = Other kills in this place as a percentage of other kills in the entire game.
 E = Experience gained in this place as a percentage of experience gained in the entire game.
 F = Experience gained in this place divided by the number of levels of this place that you have seen.
                   A       B       C       D       E      F
               +-------+-------+-------+-------+-------+----------------------
         Total | 100.0 | 100.0 |  -nan |  -nan | 100.0 |  90.8
       Dungeon | 100.0 | 100.0 |  -nan |  -nan | 100.0 |  90.8
               +-------+-------+-------+-------+-------+----------------------
